 Dungeon Crawl Stone Soup version 0.27-a0-686-gaed091b46b (webtiles) character file.

Game seed: 7279271206067730821

23 EnegeticOcto the Shield-Bearer (level 3, -1/25 HPs)
             Began as a Halfling Fighter on Mar 21, 2021.
             Slain by a hobgoblin (4 damage)
             ... on level 2 of the Dungeon.
             The game lasted 00:01:29 (323 turns).

EnegeticOcto the Shield-Bearer (Halfling Fighter)    Turns: 323, Time: 00:01:29

Health: -1/25      AC:  6    Str: 17    XL:     3   Next: 12%
Magic:  3/3        EV: 11    Int:  7    God:
Gold:   69         SH:  5    Dex: 13    Spells: 2/2 levels left

rFire    . . .     SeeInvis .   e - +0 war axe
rCold    . . .     Faith    .   b - +0 buckler
rNeg     . . .     Spirit   .   a - +0 scale mail
rPois    .         Reflect  .   (no helmet)
rElec    .         Harm     .   (no cloak)
rCorr    .         Rampage  .   (no gloves)
Will     .....                  (no boots)
Stlth    ..........             (no amulet)
HPRegen  0.08/turn              (no ring)
MPRegen  0.08/turn              (no ring)

@: no status effects
A: small, no large weapons, mutation resistance 1
a: no special abilities


You were on level 2 of the Dungeon.
You visited 1 branch of the dungeon, and saw 3 of its levels.

You collected 69 gold pieces.

Inventory:

Hand Weapons
 e - a +0 war axe (weapon)
   (You found it on level 2 of the Dungeon)
Armour
 a - a +0 scale mail (worn)
 b - a +0 buckler (worn)
Wands
 g - a wand of digging (4) {@v3}
   (You found it on level 3 of the Dungeon)
Scrolls
 f - a scroll of magic mapping {unknown}
Potions
 c - 2 potions of might {@q3 !q}
 d - a potion of degeneration {unknown}


   Skills:
 - Level 2.6 Fighting
 - Level 3.2 Armour
 - Level 3.2 Shields
 + Level 2.7 Unarmed Combat


You had 2 spell levels left.
You didn't know any spells.
Your spell library was empty.

Dungeon Overview and Level Annotations

Branches:
Dungeon (3/15)

Altars:


Innate Abilities, Weirdness & Mutations

You are small and have problems with some larger weapons.
You are somewhat resistant to further mutation.


Message History

The leopard gecko hisses angrily.
The kobold shouts!
e - a +0 war axe (weapon)
You completely miss the leopard gecko. The leopard gecko bites you.
You block the kobold's attack. You block the leopard gecko's attack.
You miss the kobold. You hit the leopard gecko. The leopard gecko bites you.
The kobold barely misses you.
The leopard gecko bites you but does no damage.
You hit the leopard gecko but do no damage.
The leopard gecko is heavily wounded.
You hit the kobold.
You kill the kobold!
The leopard gecko barely misses you.
You hit the leopard gecko.
You kill the leopard gecko!
No target in view!
Found a war axe.
There is a dry fountain here.
You enter the shallow water.
Moving in this stuff is going to be slow.
A quokka and 2 orcs come into view.
The orc shouts! x2
The orc moves out of view.
You barely miss the quokka. The quokka closely misses you. x2
You closely miss the quokka. The quokka barely misses you.
The quokka bites you. The orc hits you with a +0 falchion.
You are too injured to fight recklessly!
You are too injured to fight recklessly!
You hit the quokka.
The quokka is heavily wounded.
You slash the orc!
You kill the orc!
You hit the orc. The quokka barely misses you. The orc hits you with a +0 club.
The quokka misses you.
You hit the quokka.
You kill the quokka!
You closely miss the orc. The orc hits you but does no damage.
The orc barely misses you.
You hit the orc but do no damage.
The orc is lightly wounded.
You block the orc's attack.
You hit the orc.
The orc is moderately wounded.
The orc closely misses you. The orc barely misses you.
You closely miss the orc.
The orc is moderately wounded.
You block the orc's attack.
You slash the orc!
You kill the orc!
You have reached level 3!
Your experience leads to an increase in your attributes!
Increase (s)trength, (i)ntelligence, or (d)exterity?
You feel clever.
Things that are here:
a +0 falchion; a +0 ring mail; an orc corpse
There is a fountain of sparkling water here.
Found 10 gold pieces.
An orc comes into view. It is wielding a +0 short sword.
The orc shouts!
You hit the orc.
The orc is moderately wounded.
You block the orc's attack. x2
You slash the orc!
You kill the orc!
Items here: ( ) [ †.
g - a wand of digging (4) {@v3} You see here a +0 war axe.
You now have 69 gold pieces (gained 10).
Found a stone staircase leading up.
Found a robe.
There is a stone staircase leading up here.
You climb upwards.
The hobgoblin shouts!
The adder hisses angrily.
The hobgoblin shouts!
A rat and a goblin come into view.
There is a stone staircase leading down here.
You are too injured to fight recklessly!
You are too injured to fight recklessly!
You closely miss the hobgoblin.
The hobgoblin hits you but does no damage.
You block the hobgoblin's attack.
You closely miss the hobgoblin. You closely miss the rat.
The hobgoblin hits you but does no damage.
The rat bites you. The adder closely misses you.
You closely miss the adder. You barely miss the hobgoblin.
You hit the rat but do no damage. You hit the goblin.
You barely miss the hobgoblin.
The hobgoblin hits you but does no damage.
The goblin completely misses you. The rat bites you but does no damage.
You block the hobgoblin's attack. The adder barely misses you.
The rat barely misses you. The hobgoblin closely misses you.
The goblin hits you with a +0 club.
* * * LOW HITPOINT WARNING * * *
The hobgoblin misses you.
You closely miss the adder. You barely miss the hobgoblin.
You barely miss the goblin. You barely miss the rat. You slash the hobgoblin!
You kill the hobgoblin!
The adder bites you but does no damage. You block the goblin's attack.
The rat bites you.
* * * LOW HITPOINT WARNING * * *
The adder closely misses you. The hobgoblin hits you.
You die...

#.........#
####.........#
.............#
.............#
.............#
.............#
.............#
......g@g....#
......r†S....#
...............
.........#####.
.........#
#........#
#........#
##########


You could see an adder, a hobgoblin, a goblin and a rat.

Vanquished Creatures
  A worm (D:2)
  A leopard gecko (D:3)
  3 orcs (D:3)
  A goblin (D:2)
  3 hobgoblins (D:2)
  2 kobolds
  A quokka (D:3)
  A bat (D:2)
  4 rats (D:2)
17 creatures vanquished.

Notes
Turn   | Place    | Note
-------+----------+-------------------------------------------
     0 | D:1      | EnegeticOcto the Halfling Fighter began the quest for the
                  | Orb.
     0 | D:1      | Reached XP level 1. HP: 15/15 MP: 1/1
    33 | D:2      | Reached skill level 2 in Unarmed Combat
    35 | D:2      | Reached XP level 2. HP: 18/20 MP: 2/2
   276 | D:3      | Reached XP level 3. HP: 9/25 MP: 3/3
   323 | D:2      | Slain by a hobgoblin

Illustrated notes

Levels and vault maps discovered:
D:1:      minmay_arrival_split_and_join, layout_basic, serial_shops,
          nicolae_shop_crystal, nicolae_shop_statue_plus,
          nicolae_shop_statue_plus, shop, shop
D:2:      layout_basic
D:3:      lemuel_upstairs_altar, layout_loops_cross, ebering_ghost_inner_flame,
          hangedman_decor_riveting, serial_bayou_pond_e, fountainhead

Skill      XL: |  1 |
---------------+----+-----
Unarmed Combat | 2 |  2.7
Fighting       | |  2.6
Armour         | |  3.2
Shields        | |  3.2

Action                   || total
-------------------------++-------
Melee: War axe           ||    37
Armor: Scale mail        ||    32
Dodge: Dodged            ||    32
Block: Buckler           ||    17

Table legend: (Time is in decaauts)
 A = Elapsed time spent in this place.
 B = Non-inter-level travel time spent in this place.
 C = Inter-level travel time spent in this place.
 D = Time resting spent in this place.
 E = Time spent auto-exploring this place.
 F = Levels seen in this place.
 G = Mean time per level.
                   A        B        C        D        E       F      G
               +--------+--------+--------+--------+--------+-----+--------+
         Total |    389 |    389 |      0 |      0 |      0 |   3 |  129.7 |
       Dungeon |    389 |    389 |      0 |      0 |      0 |   3 |  129.7 |
               +--------+--------+--------+--------+--------+-----+--------+

Top non-repeatable levels by time:
     D:2: 241 daAuts
     D:3: 130 daAuts
     D:1: 16 daAuts
